 Dungeon Crawl Stone Soup version 0.29.0-4-gdea44cf6ec (webtiles) character file.

Game seed: 13056979912197863688

26 qw the Chopper (level 3, 0/21 HPs)
             Began as a Tengu Warper on Aug 29, 2022.
             Slain by a worm (7 damage)
             ... on level 2 of the Dungeon.
             The game lasted 00:00:10 (1486 turns).

qw the Chopper (Tengu Warper)                       Turns: 1486, Time: 00:00:11

Health: 0/21       AC:  5    Str: 13    XL:     3   Next: 8%
Magic:  7/7        EV: 11    Int: 13    God:
Gold:   55         SH:  0    Dex: 13    Spells: 6/6 levels left

rFire   . . .      SeeInvis .   Y - +0 hand axe
rCold   . . .      Faith    .   (no shield)
rNeg    . . .      Spirit   .   m - +0 ring mail
rPois   +          Reflect  .   (helmet restricted)
rElec   .          Harm     .   (no cloak)
rCorr   .          Rampage  .   (no gloves)
Will    .....                   (boots unavailable)
Stlth   +.........              (no amulet)
HPRegen 0.07/turn               k - ring of poison resistance
MPRegen 0.10/turn               (no ring)

@: no status effects
A: beak, talons 3
a: no special abilities


You were on level 2 of the Dungeon.
You visited 1 branch of the dungeon, and saw 2 of its levels.

You collected 55 gold pieces.


Innate Abilities, Weirdness & Mutations

You have a beak for a mouth.
You have claws for feet.


   Skills:
 - Level 2.0 Fighting
 + Level 3.8 Axes
 - Level 1.0 Throwing
 - Level 1.1 Armour
 - Level 2.1 Dodging
 - Level 2.0 Spellcasting
 - Level 2.4 Translocations


You had 6 spell levels left.
You didn't know any spells.
Your spell library contained the following spells:

 Spells                   Type           Power      Damage    Failure   Level
 Blink                    Tloc           14%        N/A       30%         2
 Gell's Gravitas          Tloc           7%         N/A       52%         3
 Lesser Beckoning         Tloc           7%         N/A       52%         3
 Teleport Other           Tloc           7%         N/A       52%         3
 Manifold Assault         Tloc           7%         N/A       99%         5

Inventory:

Hand Weapons
 j - a +0 club
 Y - a +0 hand axe (weapon)
Armour
 m - a +0 ring mail (worn)
Jewellery
 k - a ring of poison resistance (left hand)
Scrolls
 a - a scroll of identify
Potions
 d - a potion of heal wounds {unknown}
 i - a potion of curing {unknown}
 l - a potion of might {unknown}

Dungeon Overview and Level Annotations

Branches:
Dungeon (2/15)

Altars:

Shops:
D:1 [


Message History

The goblin is heavily wounded.
The goblin hits you with a +0 club. The goblin barely misses you.
You hit the goblin.
You kill the goblin!
You start resting.
HP restored.
You see here a +0 club.
You see here a +0 club.
Found a stone staircase leading down.
There is a stone staircase leading down here.
A ball python comes into view.
Found a scroll of blinking.
The ball python hisses angrily.
Enter note: You hit the ball python.
You kill the ball python!
Found a stone staircase leading down.
Found a stone staircase leading up.
Enter note: You now have 55 gold pieces (gained 12).
A worm comes into view.
You barely miss the worm. Your kick misses the worm.
The worm barely misses you.
You hit the worm but do no damage. You claw the worm.
The worm is lightly wounded.
You barely miss the worm. You claw the worm. You peck the worm.
The worm is moderately wounded.
The worm bites you!
You completely miss the worm. You claw the worm.
The worm is moderately wounded.
The worm bites you!
You hit the worm. You claw the worm. You punch the worm, but do no damage.
The worm is heavily wounded.
You hit the worm. You claw the worm. You peck the worm.
The worm is almost dead.
The worm barely misses you.
You hit the worm. Your kick misses the worm.
The worm is almost dead.
The worm bites you!
You die...

#.#####.####
##.#)#####
##.#####....####....##
.....................#
#..#####.....###....##
#.....# ###.## ##...##
#.# . ##..# #.#
...#######..# #.#
....<..@##..######.#
....#.w............# .
#.#####>######## #.
#.# . #.# ## #.# #.#
#.# #.#


You could see a worm.

Vanquished Creatures
  An orc (D:2)
  2 bats
  2 endoplasms
  3 goblins
  3 hobgoblins
  8 ball pythons
  2 kobolds (D:1)
  2 rats (D:1)
23 creatures vanquished.

Notes
Turn   | Place    | Note
-------+----------+-------------------------------------------
     0 | D:1      | qw the Tengu Warper began the quest for the Orb.
     0 | D:1      | Reached XP level 1. HP: 12/12 MP: 4/4
     0 | D:1      | 0 ||| qw: Version: 0.1-a-89-g26bdef1
     0 | D:1      | 0 ||| qw: Game counter: 3453
     0 | D:1      | 0 ||| qw: Always use a shield: true
     0 | D:1      | 0 ||| qw: God list: Okawaru
     0 | D:1      | 0 ||| qw: Allow faded altars: false
     0 | D:1      | 0 ||| qw: Do Orc after D:15 true
     0 | D:1      | 0 ||| qw: Do second Lair branch before Depths: true
     0 | D:1      | 0 ||| qw: Lair rune preference: random
     0 | D:1      | 0 ||| qw: Plans: Normal
     0 | D:1      | 0 ||| PLANNING D:1-11
   315 | D:1      | 315 ||| Stepping ~*~*~tactically~*~*~ (stealth).
   342 | D:1      | Reached XP level 2. HP: 17/17 MP: 6/6
   351 | D:1      | Reached skill level 3 in Axes
   651 | D:1      | Found Sackuh's Antique Armour Emporium.
   660 | D:1      | 660 ||| SHOPLISTING ancient ring mail (243 gold, have 19).
   660 | D:1      | 660 ||| SHOPLISTING plate armour (621 gold, have 19).
   660 | D:1      | 660 ||| SHOPLISTING ring mail (108 gold, have 19).
   660 | D:1      | 660 ||| SHOPLISTING scale mail (108 gold, have 19).
   681 | D:1      | 681 ||| Stepping ~*~*~tactically~*~*~ (stealth).
   682 | D:1      | 682 ||| Stepping ~*~*~tactically~*~*~ (stealth).
   683 | D:1      | 683 ||| Stepping ~*~*~tactically~*~*~ (stealth).
   684 | D:1      | 684 ||| Stepping ~*~*~tactically~*~*~ (stealth).
   686 | D:1      | 686 ||| Stepping ~*~*~tactically~*~*~ (stealth).
   964 | D:1      | 964 ||| UPGRADING to +0 ring mail.
   974 | D:1      | 974 ||| DROPPING +0 leather armour.
   975 | D:1      | 975 ||| UPGRADING to ring of poison resistance.
   976 | D:1      | 976 ||| READING 2 scrolls labelled ANINOG AXKYR.
   977 | D:1      | 977 ||| READING scroll labelled BASORE REMEG.
   978 | D:1      | 978 ||| READING scroll labelled IMUICW HACUO.
  1117 | D:1      | 1117 ||| DRINKING 2 fizzy sapphire potions.
  1118 | D:1      | 1118 ||| DROPPING scroll of blinking.
  1119 | D:1      | 1119 ||| DROPPING potion of flight.
  1388 | D:2      | Reached XP level 3. HP: 21/21 MP: 7/7
  1486 | D:2      | Slain by a worm

Levels and vault maps discovered:
D:1:      nicolae_arrival_somewhat_less_tricky_arrival, layout_loops_ring,
          serial_shops, shop, fountainhead
D:2:      layout_loops_ring, basic_altar, chequers_serial_rivers_large_b,
          due_unseen_surprise

Skill      XL: |  1  2 |
---------------+-------+-----
Axes           | 3 |  3.8
Fighting       | |  2.0
Throwing       | |  1.0
Armour         | |  1.1
Dodging        | |  2.1
Spellcasting   | |  2.0
Translocations | |  2.4

Action                   || total
-------------------------++-------
Melee: Hand axe          ||    48
       Kick              ||    12
       Peck              ||     7
       Punch             ||     1
Throw: Boomerang         ||     7
  Use: Scroll            ||     3
       Potion            ||     1
Armor: Leather armour    ||     5
       Ring mail         ||     5
Dodge: Dodged            ||    13

Table legend:
 A = Non-vault XP
 B = Vault XP
 C = Vault XP percentage of total XP
 D = Non-vault monster count
 E = Vault monster count
 F = Vault count percentage of total count
                 A         B        C        D         E       F
            +---------+---------+-------+---------+---------+-------
      Total |      38 |       0 |   0.0 |      23 |       0 |   0.0
            +---------+---------+-------+---------+---------+-------
        D:1 |      24 |       0 |   0.0 |      16 |       0 |   0.0
        D:2 |      14 |       0 |   0.0 |       7 |       0 |   0.0
            +---------+---------+-------+---------+---------+-------
